 Dungeon Crawl Stone Soup version 0.23-a0-435-g79ed067 (webtiles) character file.

109 sl00ts the Skirmisher (level 4, -2/53 HPs)
             Began as an Ogre Hunter on Nov 15, 2018.
             Shot with an arrow by a centaur (9 damage)
             ... on level 6 of the Dungeon.
             The game lasted 00:06:37 (3435 turns).

sl00ts the Skirmisher (Ogre Hunter)                 Turns: 3435, Time: 00:06:37

Health: -2/53      AC:  4    Str: 17    XL:     4   Next: 89%
Magic:  4/4        EV: 10    Int: 12    God:
Gold:   142        SH:  0    Dex:  9    Spells: 3/3 levels left

rFire    . . .     SeeInvis .   u - +3 mace
rCold    . . .     Gourm    .   (no shield)
rNeg     . . .     Faith    .   b - +0 robe
rPois    .         Spirit   .   (helmet restricted)
rElec    .         Reflect  .   o - +0 cloak
rCorr    .         Harm     .   (gloves unavailable)
MR       .....                  (boots unavailable)
Stlth    +.........             (no amulet)
HPRegen  0.17/turn              (no ring)
MPRegen  0.09/turn              (no ring)

@: no status effects
A: large, unfitting armour, tough skin 1
a: no special abilities


You were on level 6 of the Dungeon.
You were hungry.

You visited 1 branch of the dungeon, and saw 4 of its levels.

You collected 142 gold pieces.

Inventory:

Hand Weapons
 a - a +0 short sword
 u - a +3 mace (weapon)
Missiles
 d - 2 throwing nets
 h - 104 stones
 n - 23 sling bullets
 v - 4 large rocks (quivered)
Armour
 b - a +0 robe (worn)
 o - a +0 cloak (worn)
Jewellery
 j - a +3 ring of slaying {unknown}
 s - an uncursed ring of see invisible {unknown}
Wands
 x - a wand of enslavement (11)
Scrolls
 c - a scroll of immolation {unknown}
 e - a scroll of amnesia {unknown}
 g - a scroll of enchant armour {unknown}
 k - 3 scrolls of identify {unknown}
 m - a scroll of random uselessness {unknown}
 t - a scroll of noise {unknown}
 y - a scroll of teleportation {unknown}
 z - a scroll of fear {unknown}
Potions
 i - a potion of heal wounds {unknown}
 l - 2 potions of invisibility {unknown}
 p - a potion of brilliance {unknown}
 q - a potion of magic {unknown}
 r - 3 potions of degeneration {unknown}
 w - a potion of flight {unknown}
Comestibles
 f - 7 rations


   Skills:
 * Level 6.3 Fighting
 + Level 0.6 Maces & Flails
 - Level 4.0 Throwing
 - Level 1.7 Dodging
 - Level 0.6 Stealth


You had 3 spell levels left.
You didn't know any spells.
Your spell library was empty.

Dungeon Overview and Level Annotations

Branches:
Dungeon (3/15)

Altars:
Sif Muna


Innate Abilities, Weirdness & Mutations

You are too large for most types of armour.
You have tough skin. (AC +1)


Message History

You see here 2 arrows.
You are too injured to fight recklessly!
A centaur is nearby!
You are too injured to fight recklessly!
The centaur shoots an arrow.
The arrow hits you.
You see here an arrow.
Unknown command.
The centaur shoots an arrow.
The arrow barely misses you.
You see here 2 arrows.
The centaur shoots an arrow.
The arrow hits you.
* * * LOW HITPOINT WARNING * * *
Found a viscous cyan potion.
You see here an arrow.
The centaur shoots an arrow.
The arrow hits you!
* * * LOW HITPOINT WARNING * * *
Things that are here:
an arrow; a leopard gecko corpse
There is an open door here.
The centaur shoots an arrow.
The arrow hits you!
You die...

#...#.c.....#
#...#.(.....#
#...'.......#
#...#.......#
#c###.......#+##
###.######.......#
#........#.......#
#........#.......+
#.....@..#.......#
+........'.......#
#........#.......#
######.###.......#
#.# #######... ...
.... .....


You could see a centaur.

Vanquished Creatures
  A hound (D:3)
  2 adders (D:3)
  An ooze (D:1)
  2 worms (D:2)
  2 dart slugs (D:1)
  2 leopard geckos
  2 giant cockroaches
  3 hobgoblins (D:1)
  8 jackals
  2 kobolds
  2 ball pythons
  7 bats
  5 frilled lizards
  4 goblins
  6 rats
49 creatures vanquished.

Notes
Turn   | Place    | Note
-------+----------+-------------------------------------------
     0 | D:1      | sl00ts the Ogre Hunter began the quest for the Orb.
     0 | D:1      | Reached XP level 1. HP: 22/22 MP: 1/1
    43 | D:1      | Reached skill level 3 in Fighting
   338 | D:1      | Reached XP level 2. HP: 13/31 MP: 2/2
   699 | D:1      | Reached skill level 4 in Fighting
  1199 | D:1      | Reached XP level 3. HP: 39/40 MP: 3/3
  1627 | D:2      | Reached skill level 5 in Fighting
  2755 | D:3      | Reached skill level 6 in Fighting
  2755 | D:3      | Reached XP level 4. HP: 37/52 MP: 4/4
  3374 | D:3      | Found a deep blue altar of Sif Muna.
  3401 | D:3      | You fall through a shaft for 3 floors!
  3422 | D:6      | Noticed a centaur
  3435 | D:6      | Shot with an arrow by a centaur

Vault maps used:
D:1:      tarquinn_simple_flora_water_e
D:3:      chequers_temple_overflow_statue_of_worship

Skill      XL: |  1  2  3 |
---------------+----------+-----
Fighting       | 3 4 6 |  6.3
Maces & Flails | |  0.6
Throwing       | |  4.0
Dodging        | |  1.7
Stealth        | |  0.6

Action                   |  1- 3 |  4- 6 || total
-------------------------+-------+-------++-------
Melee: Short sword       |   176 |       ||   176
       Mace              |     8 |    22 ||    30
Throw: Large rock        |       |     5 ||     5
 Stab: Sleeping          |     1 |       ||     1
  Eat: Chunk             |     4 |       ||     4
       Ration            |       |     1 ||     1
Armor: Robe              |    83 |    35 ||   118
Dodge: Dodged            |   132 |    69 ||   201

Table legend:
 A = Non-vault XP
 B = Vault XP
 C = Vault XP percentage of total XP
 D = Non-vault monster count
 E = Vault monster count
 F = Vault count percentage of total count
                 A         B        C        D         E       F
            +---------+---------+-------+---------+---------+-------
      Total |     156 |       0 |   0.0 |      49 |       0 |   0.0
            +---------+---------+-------+---------+---------+-------
        D:1 |      49 |       0 |   0.0 |      27 |       0 |   0.0
        D:2 |      24 |       0 |   0.0 |      10 |       0 |   0.0
        D:3 |      80 |       0 |   0.0 |      11 |       0 |   0.0
        D:6 |       3 |       0 |   0.0 |       1 |       0 |   0.0
            +---------+---------+-------+---------+---------+-------
